 Dungeon Crawl Stone Soup version 0.19-a0-330-g034cfd4 (webtiles) character file.

989 Marenglen the Cudgeler (level 7, -1/61 HPs)
             Began as a Troll Arcane Marksman on May 28, 2016.
             Killed from afar by epen's ghost (28 damage)
             ... with a bolt of lightning
             ... on level 6 of the Dungeon.
             The game lasted 00:12:40 (4449 turns).

Marenglen the Cudgeler (Troll Arcane Marksman)      Turns: 4449, Time: 00:12:43

Health: -1/61      AC:  3    Str: 20      XL:     7   Next: 98%
Magic:  7/7        EV: 10    Int:  9      God:
Gold:   270        SH:  0    Dex: 10 (11) Spells: 2 memorised, 5 levels left

rFire  . . .     SeeInvis .     a - +4 flail
rCold  . . .     Gourm    +     (armour restricted)
rNeg   . . .     Faith    .     (no shield)
rPois  .         Spirit   .     (helmet restricted)
rElec  .         Dismiss  .     (no cloak)
rCorr  .         Reflect  .     (gloves unavailable)
SustAt .         Harm     .     (boots unavailable)
MR     .....                    (no amulet)
Stlth  +.........               (no ring)
                                (no ring)

@: very slightly contaminated, invisible, not resistant to hostile enchantments,
very unstealthy
A: unfitting armour, claws 3, fast metabolism 3, gourmand, regeneration 2,
shaggy fur 1, tough skin 2
a: no special abilities


You were on level 6 of the Dungeon.
You were completely stuffed.

You visited 1 branch of the dungeon, and saw 6 of its levels.

You collected 270 gold pieces.

Inventory:

Hand Weapons
 a - a +4 flail (weapon)
Missiles
 m - 5 needles of frenzy
 w - 2 poisoned tomahawks (quivered)
 x - 5 tomahawks
Wands
 t - a wand of confusion (8/48)
 B - a wand of iceblast (5/15)
Scrolls
 c - a scroll of remove curse
 e - a scroll of fog
 q - 2 scrolls of teleportation
 y - a scroll of blinking
Potions
 b - a potion of ambrosia {unknown}
 g - a potion of brilliance {unknown}
 h - a potion of flight
 i - 2 potions of curing
 j - a potion of degeneration {unknown}
 k - a potion of mutation {unknown}
 l - a potion of might {unknown}
 n - a potion of haste {unknown}
 r - a potion of resistance {unknown}
 s - a potion of heal wounds
 A - a potion of lignification {unknown}
Comestibles
 f - 5 bread rations
 o - a slice of pizza
 u - a meat ration
 v - 3 fruits
 C - 2 chunks of flesh


   Skills:
 - Level 0.7 Fighting
 * Level 6.1 Maces & Flails
 + Level 5.1 Throwing
 - Level 1.5 Dodging
 - Level 2.0 Unarmed Combat
 - Level 1.0 Spellcasting
 - Level 2.3 Hexes


You had 5 spell levels left.
You knew the following spells:

 Your Spells              Type           Power        Failure   Level  Hunger
a - Corona                Hex            #......      14%         1    ##.....
b - Slow                  Hex            #.......     21%         2    ###....


Dungeon Overview and Level Annotations

Branches:
Dungeon (6/15)
 Temple: D:4-7

Altars:
Dithmenos
Elyvilon
Fedhas
Gozag
Nemelex Xobeh
Pakellas
Ru
Ukayaw
Xom

Annotations:
D:6 epen's ghost, novice DEAE


Innate Abilities, Weirdness & Mutations

You are too large for most types of armour.
You have claws for hands.
Your metabolism is lightning-fast.
You like to eat raw meat.
You heal very quickly.
You are covered in fur. (AC +1)
You have very tough skin. (AC +2)


Message History

The large rock closely misses epen's ghost.
The orc closely misses you. The quokka zombie misses you.
Epen's ghost closely misses you. The orc barely misses you.
Epen's ghost hits you but does no damage.
Throwing (i - inventory. (,) - cycle):
d - 2 throwing nets (quivered)
Press: ? - help, Shift-Dir - straight line, f/p - epen's ghost
Aim: epen's ghost, wielding a vorpal weapon (moderately damaged, covering ground quickly, immune to nets)
You throw a throwing net. The throwing net hits epen's ghost.
The net passes right through epen's ghost!
Epen's ghost is moderately damaged.
Throwing (i - inventory. (,) - cycle):
d - a throwing net (quivered)
Press: ? - help, Shift-Dir - straight line, f/p - epen's ghost
Aim: epen's ghost, wielding a vorpal weapon (moderately damaged, covering ground quickly, immune to nets)
You throw a throwing net. The throwing net hits epen's ghost.
The net passes right through epen's ghost!
Epen's ghost is moderately damaged.
The quokka zombie bites you. Epen's ghost casts a spell at you.
The bolt of lightning hits you!
You die...

#..<....o.)....o..
#...o...........#.
######)##.####.o#
###### #...... ..o
#.....####.##.# .
#...........#.#
#.......... .#
#.....Z.#.#..#
#....@W.#.....
#.....o[.#....#
#.............###
#................
#.......#......##
#.......#.......#
#####.###........
#.###........
#.............


You could see epen's ghost, an orc and a quokka zombie.

Vanquished Creatures
  Edmund (D:4)
  An orc warrior (D:5)
  An ice beast (D:5)
  2 jellies (D:5)
  A quasit (D:6)
  A giant frog skeleton (D:4)
  3 orc priests
  4 orc wizards (D:5)
  2 iguanas (D:5)
  6 worker ants
  3 gnolls
  5 adders
  4 worms
  2 dart slugs (D:1)
  A giant gecko (D:4)
  11 orcs
  8 bats
  4 giant cockroaches
  8 goblins
  8 hobgoblins
  12 jackals
  3 kobolds
  2 quokkas
  A sheep (D:5)
  A giant newt (D:3)
  6 rats
101 creatures vanquished.

Notes
Turn   | Place    | Note
--------------------------------------------------------------
     0 | D:1      | Marenglen the Troll Arcane Marksman began the quest for the Orb.
     0 | D:1      | Reached XP level 1. HP: 18/18 MP: 1/1
    78 | D:1      | Reached skill level 1 in Unarmed Combat
    78 | D:1      | Reached XP level 2. HP: 22/26 MP: 2/2
   504 | D:1      | Learned a level 2 spell: Slow
   830 | D:1      | Reached XP level 3. HP: 32/32 MP: 3/3
  1190 | D:2      | Found an opulent altar of Gozag.
  1825 | D:3      | Found an oddly glowing altar of Pakellas.
  1938 | D:3      | Reached XP level 4. HP: 37/40 MP: 0/4
  2129 | D:3      | Reached skill level 1 in Maces & Flails
  2357 | D:3      | Found a white marble altar of Elyvilon.
  2384 | D:4      | Found a sacrificial altar of Ru.
  2402 | D:4      | Found a sparkling altar of Nemelex Xobeh.
  2426 | D:4      | Found a shadowy altar of Dithmenos.
  2536 | D:4      | Reached skill level 2 in Maces & Flails
  2536 | D:4      | Reached XP level 5. HP: 46/46 MP: 1/5
  2617 | D:4      | Noticed Edmund
  2644 | D:4      | Killed Edmund
  2644 | D:4      | Reached skill level 3 in Maces & Flails
  2644 | D:4      | Reached XP level 6. HP: 12/54 MP: 3/6
  2885 | D:4      | Found a white marble altar of Elyvilon.
  3198 | D:3      | Found a hide-covered altar to Ukayaw.
  3267 | D:5      | Entered Level 5 of the Dungeon
  3282 | D:5      | Noticed an ice beast
  3290 | D:5      | Killed an ice beast
  3290 | D:5      | Reached skill level 4 in Maces & Flails
  3388 | D:5      | Reached XP level 7. HP: 22/61 MP: 5/7
  3478 | D:5      | Found a blossoming altar of Fedhas.
  3549 | D:5      | Reached skill level 5 in Maces & Flails
  3814 | D:5      | Found a shimmering altar of Xom.
  4016 | D:6      | Reached skill level 5 in Throwing
  4202 | D:6      | Noticed epen's ghost (novice DEAE)
  4320 | D:5      | Reached skill level 6 in Maces & Flails
  4449 | D:6      | Killed from afar by epen's ghost

Vault maps used:
D:1:      elethiomel_arrival_shortcut, minmay_misc_feat_square
D:2:      lemuel_doored_altar
D:3:      nicolae_overflow_hidden_temple, first_bread, grunt_pakellas_sulfur
D:4:      nicolae_overflow_crystal_walls, lemuel_crystal_altar, kennysheep_mini,
          st_stairs_13, elyvilon_altar_3, uniq_edmund
D:5:      lemuel_crystal_altar, dk_xom_monty_hall
D:6:      hangedman_decor_clover_reticule

Skill      XL: |  1  2  3  4  5  6  7 |
---------------+----------------------+-----
Unarmed Combat | 1 2 |  2.0
Throwing       | 2 3 4 5 |  5.1
Maces & Flails | 2 3 4 6 |  6.1
Fighting       | |  0.7
Dodging        | |  1.5
Spellcasting   | |  1.0
Hexes          | |  2.3

Action                   |  1- 3 |  4- 6 |  7- 9 || total
-------------------------+-------+-------+-------++-------
Melee: Unarmed           |   117 |    79 |    35 ||   231
       Punch             |     2 |       |     1 ||     3
       Flail             |       |       |    60 ||    60
Throw: Large rock        |     4 |    21 |    16 ||    41
       Throwing net      |       |     2 |     3 ||     5
 Cast: Corona            |     6 |    18 |    13 ||    37
Evoke: Wand              |       |       |     9 ||     9
  Use: Scroll            |     2 |     9 |     3 ||    14
       Potion            |       |       |     3 ||     3
 Stab: Held in net/web   |       |     1 |       ||     1
       Invisible         |       |       |     2 ||     2
       Distracted        |       |       |     1 ||     1
  Eat: Chunk             |    23 |    11 |    15 ||    49
Armor: Skin              |    33 |    28 |    15 ||    76
Dodge: Dodged            |    74 |    57 |    63 ||   194
